Map: Ley Lines

Players

KimChiLoVer - Winner!

  • Race: Terran Terran
  • Spawn Location: 7:00

A.I. 1 (Elite)

  • Race: Terran Terran
  • Spawn Location: 1:00

VOD

Have the link to the VOD?

Description

Time

  • Played on: Aug. 9, 2025, 11:09 a.m.
  • Length: 11:46
Show
View Real Time Build Order
Export as new Build Order

KimChiLoVer Terran - Winner!

Build Orders: Reaper Expand 

Get SALT Encoding   

  12  0:00  SCV  
  13  0:12  SCV  
  14  0:16  Supply Depot  
  14  0:24  SCV  
  15  0:38  SCV  
  15  0:39  Barracks  
  16  0:44  Refinery  
  16  0:50  SCV  
  17  1:03  SCV  
  18  1:15  SCV  
  19  1:28  Reaper, Orbital Command  
  20  1:39  Command Center  
  20  1:52  Supply Depot  
  20  1:54  SCV  
  21  2:03  Factory  
  21  2:08  SCV, Refinery  
  22  2:11  Marine  
  23  2:20  SCV  
  24  2:32  SCV  
  25  2:37  Barracks Reactor  
  25  2:44  SCV  
  25  2:48  Command Center  
  25  2:49  Factory Tech Lab  
  26  2:56  SCV  
  27  2:58  Orbital Command  
  27  3:08  SCV  
  27  3:12  Barracks  
  28  3:15  Marine  
  28  3:17  Marine  
  30  3:20  SCV  
  31  3:28  Barracks  
  31  3:29  SCV  
  32  3:34  Factory Reactor  
  32  3:40  Starport  
  32  3:43  Marine  
  32  3:44  Marine  
  32  3:45  SCV  
  35  3:53  Supply Depot  
  35  3:54  SCV  
  36  3:59  Engineering Bay  
  36  4:04  Engineering Bay  
  36  4:07  SCV  
  36  4:08  SCV  
  38  4:13  Orbital Command  
  38  4:28  Medivac x2  
  38  4:30  Marine  
  43  4:31  Stimpack  
  43  4:32  Marine  
  43  4:33  Marine  
  43  4:35  Factory Tech Lab  
  43  4:37  SCV  
  46  4:41  Marine  
  47  4:48  Terran Infantry Weapons Level 1  
  47  4:49  Terran Infantry Armor Level 1  
  47  4:54  Barracks  
  47  4:55  Barracks, SCV, Orbital Command  
  47  4:57  SCV  
  49  5:01  Marine x3  
  52  5:08  Siege Tank  
  52  5:14  SCV x2  
  56  5:15  Armory  
  56  5:18  Refinery  
  57  5:22  SCV  
  57  5:24  Marine x2  
  57  5:26  SCV  
  57  5:27  SCV  
  62  5:34  SCV  
  63  5:36  Barracks Tech Lab  
  63  5:37  Supply Depot  
  63  5:39  SCV x2  
  63  5:40  Supply Depot  
  63  5:42  Marine  
  66  5:44  Barracks Tech Lab, Barracks Reactor  
  66  5:48  SCV  
  67  5:53  SCV  
  68  5:58  Combat Shield  
  68  6:00  Marine, Marauder x2  
  68  6:01  SCV  
  74  6:06  SCV  
  74  6:07  SCV  
  76  6:13  Marine, Marauder, SCV  
  76  6:18  Marine  
  80  6:20  Barracks, SCV x2  
  80  6:21  Barracks x2  
  80  6:25  SCV  
  84  6:32  SCV x2, Refinery  
  86  6:34  Marine x2, Marauder x2  
  86  6:37  SCV  
  93  6:42  Concussive Shells  
  93  6:44  Terran Infantry Weapons Level 2  
  93  6:45  Terran Infantry Armor Level 2  
  93  6:52  Refinery  
  93  6:56  Supply Depot  
  93  6:58  Supply Depot  
  93  7:09  Supply Depot  
  93  7:10  Supply Depot  
  93  7:13  Command Center  
  93  7:16  Barracks Tech Lab x2, Barracks Reactor  
  93  7:17  Marine x2  
  93  7:18  SCV x3, Siege Tank  
  101  7:30  SCV x2  
  101  7:36  Marine, Marauder  
  101  7:37  Marine x3, Marauder x2  
  110  7:38  Medivac x2  
  117  7:49  Refinery  
  115  8:29  Marine  
  115  8:30  Marine x8  
  115  8:31  Marine x2  
  115  8:32  Medivac x2  
  130  8:47  Marine x3  
  130  8:48  Marine x6  
  135  8:49  Marauder x2  
  135  8:55  Command Center  
  143  9:00  Terran Vehicle And Ship Armor Level 1  
  143  9:02  Medivac  
  145  9:03  Supply Depot  
  145  9:04  Siege Tank, Supply Depot  
  145  9:05  Marine x5  
  145  9:06  Marine x2  
  145  9:07  Marauder x2  
  141  9:26  Supply Depot  
  141  9:27  Starport  
  141  9:34  Marine x4, Marauder  
  141  9:35  Marine x5, Marauder  
  141  9:36  Siege Tank  
  157  9:52  Marine x2  
  149  9:53  Marauder x2  
  112  10:08  Siege Tank  
  115  10:20  Marauder x3  
  115  10:21  Marine x6, Marauder x2  
  108  10:38  Marine  
  108  10:39  Marine x5  
  108  10:40  Siege Tank  
  108  10:41  Marine  
  108  10:42  Marine, Marauder x3, Starport Reactor  
  122  10:44  Viking x2  
  126  10:54  Orbital Command  
  126  10:56  Marine x3  
  126  10:57  Marine x2  
  126  11:00  Marauder x2  
  131  11:12  Siege Tank  
  131  11:14  Viking x2  
  131  11:15  Marine x4, Marauder x2  
  131  11:16  Marine x3  
  149  11:21  Marine x2  
Show
View Real Time Build Order
Export as new Build Order

A.I. 1 (Elite) Terran 

Build Orders:  

Get SALT Encoding   

  12  0:00  SCV  
  13  0:13  SCV  
  14  0:18  Supply Depot  
  14  0:25  SCV  
  15  0:40  SCV  
  16  0:42  Barracks  
  16  0:52  SCV  
  17  1:04  SCV  
  17  1:10  Refinery  
  18  1:12  Supply Depot  
  18  1:16  SCV  
  19  1:28  SCV  
  19  1:32  Marine  
  21  1:41  Command Center  
  21  2:05  Barracks  
  21  2:06  SCV  
  22  2:10  Marine  
  22  2:15  Factory  
  23  2:18  SCV  
  24  2:25  Supply Depot  
  24  2:29  Marine  
  25  2:30  SCV  
  26  2:43  SCV  
  27  2:46  Marine  
  28  2:53  Orbital Command  
  28  2:55  SCV  
  29  3:01  Factory Tech Lab, Refinery  
  29  3:10  Orbital Command  
  29  3:13  Marine  
  29  3:15  Marine  
  31  3:21  SCV  
  32  3:31  Marine  
  32  3:33  Marine, SCV  
  35  3:36  SCV  
  36  3:43  Barracks  
  36  3:45  SCV  
  36  3:48  SCV  
  36  3:49  Marine  
  36  3:53  Barracks Tech Lab  
  38  3:57  SCV  
  38  4:00  Starport, SCV  
  40  4:07  Barracks Tech Lab  
  40  4:09  SCV  
  41  4:11  Marine  
  41  4:12  SCV  
  41  4:13  Stimpack  
  43  4:22  SCV, Supply Depot  
  44  4:24  Marine, SCV  
  44  4:25  Combat Shield  
  44  4:29  Marine  
  44  4:30  Marine  
  48  4:34  SCV  
  48  4:37  SCV  
  50  4:38  Medivac  
  50  4:42  Marine  
  53  4:46  Marine, SCV  
  53  4:48  Marine, Supply Depot  
  53  4:49  SCV  
  53  4:52  Supply Depot  
  57  4:59  SCV  
  58  5:01  Marauder, SCV  
  58  5:06  Marine  
  62  5:10  Marauder  
  62  5:11  SCV  
  62  5:12  Refinery  
  62  5:13  SCV  
  66  5:21  Engineering Bay  
  66  5:22  Marauder  
  66  5:23  SCV  
  66  5:25  SCV, Barracks Reactor  
  66  5:26  Supply Depot  
  70  5:31  Marauder  
  70  5:32  Command Center  
  70  5:35  SCV  
  73  5:41  SCV  
  74  5:46  Marauder  
  74  5:47  SCV  
  74  5:49  Terran Infantry Weapons Level 1  
  77  5:53  Marauder, SCV, Supply Depot  
  80  5:59  Engineering Bay  
  80  6:00  Medivac  
  82  6:04  Missile Turret  
  82  6:07  Marauder, Missile Turret  
  84  6:14  Marauder  
  84  6:15  Barracks, Concussive Shells  
  86  6:21  Supply Depot  
  86  6:24  Marine, Terran Infantry Armor Level 1  
  87  6:26  Marine  
  87  6:28  Marauder  
  87  6:31  Starport Reactor  
  90  6:35  Marine, Refinery  
  91  6:40  Missile Turret  
  91  6:45  SCV x2, Supply Depot, Orbital Command  
  93  6:50  Marauder  
  93  6:53  Marauder  
  97  6:57  SCV  
  97  6:59  SCV  
  99  7:03  Missile Turret  
  99  7:07  Viking, Medivac  
  102  7:09  SCV  
  102  7:10  SCV, Missile Turret  
  102  7:11  Marauder, SCV  
  91  7:21  SCV  
  91  7:22  Siege Tank  
  86  7:23  SCV  
  86  7:24  SCV  
  88  7:33  SCV  
  88  7:35  SCV  
  88  7:36  SCV  
  91  7:45  SCV  
  91  7:47  SCV  
  91  7:48  SCV  
  94  7:54  Siege Tank  
  94  7:57  SCV  
  100  7:58  Marauder  
  100  7:59  SCV  
  100  8:00  SCV  
  100  8:04  Marauder  
  98  8:09  SCV  
  98  8:11  SCV  
  87  8:24  SCV  
  87  8:26  Siege Tank  
  90  8:29  SCV  
  90  8:31  SCV  
  90  8:36  SCV  
  90  8:40  Starport  
  90  8:42  SCV  
  90  8:48  SCV  
  75  9:31  SCV  
  76  9:34  SCV  
  76  9:35  Command Center  
  77  9:41  Marine  
  77  9:43  SCV  
  79  9:46  SCV  
  80  9:53  Barracks Tech Lab  
  80  9:54  Marine  
  80  9:55  SCV  
  80  9:58  SCV  
  71  10:07  Marine  
  52  10:14  Marine  
Tags
 
Matchup
TvT
Race
Terran
Spawn Locations
Cross Positions
Add a new tag
Caveats
  • Supply blocks, unpowered buildings, or Contaminate may cause inaccurate times.
  • Supply counts are checked every 10 seconds.